 Dungeon Crawl Stone Soup version 0.31-a0-1-g4198be8af4 (webtiles) character file.

Game seed: 9646806515872111702

12 Adrian566 the Shield-Bearer (level 2, 19/19 HPs)
             Began as a Gargoyle Fighter on May 1, 2023.
             Quit the game on level 1 of the Dungeon.
             The game lasted 00:00:18 (297 turns).

Adrian566 the Shield-Bearer (Gargoyle Fighter)       Turns: 297, Time: 00:00:19

Health: 19/19      AC:  9    Str: 19    XL:     2   Next: 33%
Magic:  2/2        EV:  9    Int:  8    God:
Gold:   9          SH:  4    Dex:  9    Spells: 1/1 levels left

rFire   . . .        a - +0 long sword
rCold   . . .        c - +0 buckler
rNeg    + . .        b - +0 scale mail
rPois   ∞            (no helmet)
rElec   +            (no cloak)
rCorr   .            (no gloves)
SInv    .            (no boots)
Will    .....        (no amulet) Stlth
                     (no ring)
HPRegen 0.23/turn    (no ring)
MPRegen 0.08/turn

%: no passive effects
@: no status effects
A: sickness immunity, AC +2, negative energy resistance 1, electricity
resistance, torment resistance 1, petrification resistance
a: no special abilities


You were on level 1 of the Dungeon.
You visited 1 branch of the dungeon, and saw 1 of its levels.

You collected 9 gold pieces.

Inventory:

Hand Weapons
 a - a +0 long sword (weapon)
Armour
 b - a +0 scale mail (worn)
 c - a +0 buckler (worn)
Scrolls
 e - a scroll of teleportation {unknown}
 f - a scroll of identify {unknown}
Potions
 d - a potion of might
 g - a potion of invisibility {unknown}


   Skills:
 + Level 3.5 Fighting
 + Level 1.9 Long Blades
 + Level 3.5 Armour
 + Level 3.5 Shields


You had one spell level left.
You didn't know any spells.
Your spell library was empty.

Dungeon Overview and Level Annotations

Branches:
Dungeon (1/15)

Altars:


Innate Abilities, Weirdness & Mutations

You are immune to sickness and miasma.
Your stone body is resilient. (AC +2)
You are immune to poison.
You resist negative energy. (rN+)
You are resistant to electric shocks. (rElec)
You are resistant to unholy torment.
You are immune to petrification.


Message History

A rat is nearby!
The rat barely misses you.
You slash the rat!
You kill the rat!
No target in view!
No target in view!
No target in view!
No target in view!
No target in view!
No target in view!
No target in view!
No target in view!
You see here a rat corpse.
Found an escape hatch in the floor.
A rat comes into view.
A rat is nearby!
A rat is nearby!
A goblin comes into view. It is wielding a +0 dagger.
The goblin shouts!
The rat barely misses you.
You closely miss the rat. The rat bites you but does no damage.
You hit the rat.
The rat is moderately wounded.
The rat closely misses you. The rat bites you but does no damage.
You slash the rat!
You kill the rat!
You slash the goblin!
You kill the goblin!
No target in view!
No target in view!
No target in view!
No target in view!
No target in view!
g - a fizzy blue potion You open the door.
There is an open door here.
An endoplasm comes into view.
The endoplasm quivers.
Unknown command.
Are you sure you want to abandon this character and quit the game? (Confirm with "yes".)

##.## #.# #..# #.#
#.## #+## #.#
#...## #.####
##.....## #.##.##
##....J..#
#.#...####.........
#........'.........
#.#...####.@..$....
#.##.## ##.......#
#.#### ##.....##
#)# #...## .>. #+##
#.#.. #. ..# ## #.#
.#


You could see an endoplasm.

Vanquished Creatures
  A dart slug (D:1)
  3 ball pythons (D:1)
  A quokka (D:1)
  A bat (D:1)
  2 goblins (D:1)
  2 rats (D:1)
10 creatures vanquished.

Notes
Turn   | Place    | Note
-------+----------+-------------------------------------------
     0 | D:1      | Adrian566 the Gargoyle Fighter began the quest for the Orb.
     0 | D:1      | Reached XP level 1. HP: 14/14 MP: 1/1
    82 | D:1      | Reached XP level 2. HP: 19/19 MP: 2/2
   297 | D:1      | Quit the game

Illustrated notes

Levels and vault maps discovered:
D:1:      eino_arrival_tree_alley, layout_loops_corners

Action                     || total
---------------------------++-------
  Melee: Long sword        ||    30
 Armour: Scale mail        ||    12
  Dodge: Dodged            ||    25
  Block: Buckler           ||     4

Table legend: (Time is in decaauts)
 A = Elapsed time spent in this place.
 B = Non-inter-level travel time spent in this place.
 C = Inter-level travel time spent in this place.
 D = Time resting spent in this place.
 E = Time spent auto-exploring this place.
 F = Levels seen in this place.
 G = Mean time per level.
                   A        B        C        D        E       F      G
               +--------+--------+--------+--------+--------+-----+--------+
         Total |    307 |    307 |      0 |      0 |    242 |   1 |  307.0 |
       Dungeon |    307 |    307 |      0 |      0 |    242 |   1 |  307.0 |
               +--------+--------+--------+--------+--------+-----+--------+

Top non-repeatable levels by time:
     D:1: 307 daAuts
